 Dungeon Crawl Stone Soup version 0.31-a0-185-g9dded2c639 (webtiles) character file.

Game seed: 15620105809310467140

235 qw the Skirmisher (level 5, -2/29 HPs)
             Began as a Deep Elf Hunter on June 22, 2023.
             Succumbed to Duvessa's poison
             ... on level 4 of the Dungeon.
             The game lasted 00:00:58 (2749 turns).

qw the Skirmisher (Deep Elf Hunter)                 Turns: 2749, Time: 00:00:59

Health: -2/29      AC:  7    Str:  8 (10) XL:     5   Next: 76%
Magic:  7/7        EV: 12    Int: 14      God:
Gold:   13         SH:  4    Dex: 18      Spells: 4/4 levels left

rFire   + . .        Y - +2 orcbow (drain)
rCold   . . .        (shield currently unavailable)
rNeg    . . .        g - +1 leather armour {rF+}
rPois   +            (helmet restricted)
rElec   .            a - scarf of Sigicub {+Inv, rPois}
rCorr   .            d - +0 pair of gloves
SInv    .            (no boots)
Will    .....        (no amulet)
Stlth   ++           (no ring)
HPRegen 0.24/turn    (no ring)
MPRegen 0.10/turn

%: no passive effects
@: lethally poisoned (-2 -> -20)
A: horns 2, iridescent scales 1, large bone plates 1
a: Evoke Invisibility


You were on level 4 of the Dungeon.
You visited 1 branch of the dungeon, and saw 4 of its levels.

You collected 107 gold pieces.
You spent 94 gold pieces at shops.


Innate Abilities, Weirdness & Mutations

You have a pair of horns on your head.
You are partially covered in iridescent scales. (AC +2)
You are partially covered in large bone plates. (SH +4)


   Skills:
 - Level 1.5 Fighting
 - Level 9.3 Ranged Weapons
 + Level 2.4 Dodging
 - Level 1.2 Stealth


You had 4 spell levels left.
You didn't know any spells.
Your spell library was empty.

Inventory:

Hand Weapons
 Y - a +2 orcbow of draining (weapon)
Armour
 a - the scarf of Sigicub (worn) {+Inv, rPois}
   (You acquired it on level 1 of the Dungeon)

   rPois:     It protects you from poison.
 d - a +0 pair of gloves (worn)
 g - a +1 leather armour of fire resistance (worn)
 i - a +0 cloak
 l - a +0 scale mail
Scrolls
 b - a scroll of identify
Potions
 e - a potion of resistance
 f - a potion of berserk rage {unknown}
 h - a potion of curing
 j - a potion of might {unknown}
 n - a potion of mutation

Dungeon Overview and Level Annotations

Branches:
Dungeon (4/15)
 Temple: D:4-7

Altars:
Ashenzari
Hepliaklqana

Shops:
D:3 [

Annotations:
D:4 Dowan


Message History

You shoot an arrow. The ball python hisses angrily.
The arrow hits Duvessa but does no damage.
Duvessa is moderately wounded.
You shoot an arrow. The arrow completely misses Duvessa.
The arrow hits Dowan.
Dowan is lightly wounded.
Dowan mumbles some strange words.
Dowan blinks!
Duvessa hits you with a +0 rapier of venom.
You shoot an arrow. The arrow hits Duvessa.
Duvessa is moderately wounded.
Duvessa hits you with a +0 rapier of venom.
You are poisoned.
Duvessa hits you with a +0 rapier of venom.
You shoot an arrow.
The arrow hits Duvessa but does no damage.
You drain Duvessa.
Duvessa is heavily wounded.
You feel very sick. Duvessa hits you but does no damage.
The adder barely misses you. Duvessa misses you.
You shoot an arrow. The arrow barely misses Duvessa.
The arrow closely misses the ball python.
The arrow closely misses Dowan.
You feel sick.
Duvessa hits you with a +0 rapier of venom!
You are lethally poisoned!
The adder bites you but does no damage.
Duvessa hits you with a +0 rapier of venom.
You are more poisoned.
The adder bites you.
You shoot an arrow. The arrow hits Duvessa!
You drain Duvessa.
Duvessa is almost dead.
You feel very sick. Duvessa closely misses you. You block the adder's attack.
You shoot an arrow. The arrow hits Duvessa!
You kill Duvessa!
Dowan's eyes darken. "You have made a black mistake."
Dowan seems to find hidden reserves of power!
You die...

7### ~.7...###
.~....S.#
....eS)@#
.~P~7##.# ~
##.## #...#
77####...#
7......>.#
###.##...#
#.######
.######.########


You could see Dowan (fast), an adder and a ball python.

Vanquished Creatures
  Duvessa (D:4)
  An ogre (D:3)
  A scorpion (D:4)
  2 adders
  2 worms
  2 dart slugs (D:1)
  6 ball pythons
  7 bats
  7 endoplasms
  4 giant cockroaches
  6 hobgoblins
  3 jackals (D:2)
  8 kobolds
  4 quokkas
  4 frilled lizards
  7 goblins
  8 rats
73 creatures vanquished.

Notes
Turn   | Place    | Note
-------+----------+-------------------------------------------
     0 | D:1      | qw the Deep Elf Hunter began the quest for the Orb.
     0 | D:1      | Reached XP level 1. HP: 12/12 MP: 3/3
     0 | D:1      | 0 ||| qw: Version: 0.3-a-9-g12657ce
     0 | D:1      | 0 ||| qw: Game counter: 1817
     0 | D:1      | 0 ||| qw: Always use a shield: true
     0 | D:1      | 0 ||| qw: God list: Okawaru
     0 | D:1      | 0 ||| qw: Allow faded altars: false
     0 | D:1      | 0 ||| qw: Do Orc after D:15 true
     0 | D:1      | 0 ||| qw: Do second Lair branch before Depths: true
     0 | D:1      | 0 ||| qw: Lair rune preference: random
     0 | D:1      | 0 ||| qw: Plans: Normal
     0 | D:1      | 0 ||| PLANNING D:1-11
   200 | D:1      | Reached XP level 2. HP: 16/16 MP: 4/4
   262 | D:1      | Reached skill level 6 in Ranged Weapons
   557 | D:1      | Reached XP level 3. HP: 20/20 MP: 5/5
   598 | D:1      | 598 ||| FLEEEEING.
   719 | D:1      | 719 ||| UPGRADING to +0 pair of gloves.
   724 | D:1      | 724 ||| UPGRADING to +0 scale mail.
   734 | D:1      | 734 ||| DROPPING +0 leather armour.
   735 | D:1      | 735 ||| DROPPING ring of flight.
   736 | D:1      | 736 ||| READING scroll labelled HULOHI XISOTEF.
   737 | D:1      | 737 ||| READING scroll labelled XIRGHOE VUECRU.
   737 | D:1      | Identified a scroll of acquirement
   737 | D:1      | 737 ||| ACQUIRING scarf of Sigicub {+Inv, rPois}
   737 | D:1      | Acquired the scarf of Sigicub {+Inv, rPois}
   739 | D:1      | 739 ||| UPGRADING to scarf of Sigicub {+Inv, rPois}.
   744 | D:1      | 744 ||| READING scroll labelled QOT OLYMUJASU.
   747 | D:1      | 747 ||| READING scroll labelled HEIWEJ ROTOTIT.
   748 | D:1      | 748 ||| DRINKING 2 pink potions.
   749 | D:1      | 749 ||| DROPPING scroll of butterflies.
   779 | D:2      | 779 ||| STAIRDANCE
   811 | D:2      | Found a hazy altar of Hepliaklqana.
   946 | D:2      | Reached skill level 7 in Ranged Weapons
  1615 | D:2      | Reached XP level 4. HP: 25/25 MP: 6/6
  1653 | D:2      | 1653 ||| READING scroll of acquirement.
  1653 | D:2      | 1653 ||| ACQUIRING +2 orcbow of draining
  1653 | D:2      | Acquired a +2 orcbow of draining
  1655 | D:2      | 1655 ||| SWAPPING to +2 orcbow of draining.
  1656 | D:2      | 1656 ||| DROPPING +1 shortbow.
  1824 | D:2      | 1824 ||| UPGRADING to +1 leather armour of fire resistance.
  1834 | D:2      | 1834 ||| READING scroll labelled ZECSEZ GUALOGH.
  1835 | D:2      | 1835 ||| DRINKING 2 golden potions.
  1836 | D:2      | 1836 ||| DRINKING 2 dark potions.
  1836 | D:2      | Gained mutation: You are partially covered in large bone
                  | plates. (SH +4) [potion of mutation]
  1836 | D:2      | Gained mutation: You have a pair of small horns on your
                  | head. [potion of mutation]
  1836 | D:2      | Gained mutation: You are partially covered in iridescent
                  | scales. (AC +2) [potion of mutation]
  1836 | D:2      | Gained mutation: You have a pair of horns on your head.
                  | [potion of mutation]
  1837 | D:2      | 1837 ||| DROPPING potion of degeneration.
  2195 | D:3      | Noticed an ogre
  2198 | D:3      | Killed an ogre
  2199 | D:3      | Reached skill level 8 in Ranged Weapons
  2199 | D:3      | Reached XP level 5. HP: 29/29 MP: 7/7
  2496 | D:3      | Found Lelemnont's Antique Armour Shop.
  2504 | D:3      | 2504 ||| BUYING cloak (94 gold).
  2504 | D:3      | Bought a cloak for 94 gold pieces
  2504 | D:3      | 2504 ||| SHOPLISTING ring mail (84 gold, have 3).
  2504 | D:3      | 2504 ||| SHOPLISTING runed cloak (157 gold, have 3).
  2504 | D:3      | 2504 ||| SHOPLISTING runed robe (77 gold, have 3).
  2505 | D:3      | You fall into a shaft and drop 1 floor!
  2518 | D:4      | Found a broken altar of Ashenzari.
  2550 | D:4      | 2550 ||| READING 3 scrolls labelled SISHRU ASIR UTH.
  2551 | D:4      | 2551 ||| DRINKING 2 bubbling coppery potions.
  2552 | D:4      | 2552 ||| Stepping ~*~*~tactically~*~*~ (water).
  2612 | D:4      | 2612 ||| READING 2 scrolls of identify.
  2612 | D:4      | 2612 ||| IDENTIFYING amethyst potion
  2613 | D:4      | 2613 ||| DROPPING potion of ambrosia.
  2727 | D:4      | Reached skill level 9 in Ranged Weapons
  2740 | D:4      | Noticed Duvessa
  2740 | D:4      | Noticed Dowan
  2748 | D:4      | HP: 2/29 [poisoned by Duvessa]
  2749 | D:4      | Killed Duvessa
  2749 | D:4      | Succumbed to Duvessa's poison

Levels and vault maps discovered:
D:1:      scummos_arrival_simple_fountains, layout_basic, nicolae_titane
D:2:      layout_basic, basic_altar
D:3:      layout_basic, serial_shops, shop
D:4:      layout_basic, cheibrodos_ashenzari_chains, serial_bayou,
          serial_bayou_pond_d, serial_bayou_lagoon_a, serial_bayou_shore_b,
          serial_bayou_lagoon_b, serial_bayou_ford_a, serial_bayou_pond_d,
          serial_shops, nicolae_shop_rolling_square, minmay_tree_intersection,
          kennysheep_small_circle, uniq_duvessa

Skill      XL: |  1  2  3  4  5 |
---------------+----------------+-----
Ranged Weapons | 6 7 8 9 |  9.3
Fighting       | |  1.5
Dodging        | |  2.4
Stealth        | |  1.2

Action                     |  1- 3 |  4- 6 || total
---------------------------+-------+-------++-------
   Fire: Shortbow          |   142 |     2 ||   144
         Orcbow            |       |    50 ||    50
    Use: Scroll            |     4 |     4 ||     8
         Potion            |     1 |     3 ||     4
 Armour: Leather armour    |     9 |     4 ||    13
         Scale mail        |    27 |     1 ||    28
  Dodge: Dodged            |    39 |     8 ||    47
  Block: Other             |       |     1 ||     1

Table legend:
 A = Non-vault XP
 B = Vault XP
 C = Vault XP percentage of total XP
 D = Non-vault monster count
 E = Vault monster count
 F = Vault count percentage of total count
                 A         B        C        D         E       F
            +---------+---------+-------+---------+---------+-------
      Total |     337 |     138 |  29.1 |      72 |       1 |   1.4
            +---------+---------+-------+---------+---------+-------
        D:1 |      51 |       0 |   0.0 |      29 |       0 |   0.0
        D:2 |      54 |       0 |   0.0 |      25 |       0 |   0.0
        D:3 |     150 |       0 |   0.0 |      16 |       0 |   0.0
        D:4 |      82 |     138 |  62.7 |       2 |       1 |  33.3
            +---------+---------+-------+---------+---------+-------
